 Dungeon Crawl Stone Soup version 0.31-a0-819-gf6de2f5ab6 (webtiles) character file.

Game seed: 802904691480761849

129 qw the Shooter (level 5, -3/32 HPs)
             Began as a Gargoyle Hunter on Sept 23, 2023.
             Slain by a cerulean imp
             ... wielding a +0 spear
             ... summoned by Natasha
              (6 damage)
             ... on level 2 of the Dungeon.
             The game lasted 00:00:47 (1453 turns).

qw the Shooter (Gargoyle Hunter)                    Turns: 1453, Time: 00:00:47

Health: -3/32      AC:  0    Str: 15    XL:     5   Next: 12%
Magic:  5/5        EV: 14    Int:  9    God:
Gold:   86         SH:  0    Dex: 15    Spells: 4/4 levels left

rFire   . . .        Y - melded +0 shortbow
rCold   . . .        (shield currently unavailable)
rNeg    + . .        b - melded +0 ring mail
rPois   inf          (helmet currently unavailable)
rElec   .            (cloak currently unavailable)
rCorr   .            (gloves currently unavailable)
SInv    .            (boots currently unavailable)
Will    .....        (no amulet)
Stlth   ++           g - melded ring of positive energy
HPRegen 0.25/turn    (ring currently unavailable)
MPRegen 0.09/turn

%: no passive effects
@: pig-form (expiring), very quick
A: fast, no casting, sickness immunity, AC +4, small, negative energy resistance
1, (electricity resistance), torment resistance 1, petrification resistance
a: no special abilities


You were on level 2 of the Dungeon.
You were a filthy swine.
You visited 1 branch of the dungeon, and saw 2 of its levels.

You collected 86 gold pieces.


Innate Abilities, Weirdness & Mutations

You are a filthy swine.
You move quickly.
Your equipment is almost entirely melded.
You are incapable of wielding weapons or throwing items.
You cannot cast spells.
You are immune to sickness and miasma.
((Your stone body is resilient. (AC +4)))
You are immune to poison.
You resist negative energy. (rN+)
((You are resistant to electric shocks. (rElec)))
You are resistant to unholy torment.
You are immune to petrification.


   Skills:
 - Level 3.4 Fighting
 + Level 5.5 Ranged Weapons
 - Level 1.3 Armour
 - Level 1.5 Dodging
 - Level 1.1 Stealth


You had 4 spell levels left.
You didn't know any spells.
Your spell library was empty.

Inventory:

Hand Weapons
 Y - a +0 shortbow (melded)
Armour
 b - a +0 ring mail (melded)
Jewellery
 e - a +4 ring of protection
 g - a ring of positive energy (melded)
Scrolls
 a - a scroll of blinking {unknown}
Potions
 c - a potion of attraction {unknown}
 d - a potion of degeneration {unknown}

Dungeon Overview and Level Annotations

Branches:
Dungeon (2/15)

Altars:

Annotations:
D:2 Natasha


Message History

Natasha mumbles some strange words.
Enter note:
Enter note:
Enter note:
Enter note:
1450 |||
Found retreat position at -5,6 (floor) with 0 blocking monsters and 2 monsters attacking at destination at distance 6
Enter note:
Enter note:
Enter note:
Enter note:
1450 ||| FLEEEEING.
Enter note:
Enter note:
Enter note:
Enter note:
1451 |||
Found retreat position at -4,6 (floor) with 0 blocking monsters and 2 monsters attacking at destination at distance 6
Enter note:
Enter note:
Enter note:
Enter note:
1451 ||| FLEEEEING.
The cerulean imp attacks as it pursues you!
The cerulean imp closely misses you.
Enter note:
Enter note:
Enter note:
Enter note:
1452 |||
Found retreat position at -3,5 (floor) with 0 blocking monsters and 2 monsters attacking at destination at distance 5
1452 ||| FLEEEEING.
The cerulean imp attacks as it pursues you!
The cerulean imp closely misses you.
Enter note:
Enter note:
Enter note:
Enter note:
1453 |||
Found retreat position at -2,4 (floor) with 0 blocking monsters and 2 monsters attacking at destination at distance 4
1453 ||| FLEEEEING.
The cerulean imp attacks as it pursues you!
The cerulean imp hits you from afar with a +0 spear.
You die...

##.....#######.........# ####...
.##############.........# #......
..............#..5......# #......
###...#######.##..h.....###......
###...# #<#..................
......# #.#.5.....%.........%
##....# #.#.5................
.#.#### #.#..................
...######## #.#.h.......#######+#
.####.....# #.#.############# #.#
....#.###.# #.#.# #.......# #.#
....#.# #.# #.#.# #.......###.#
....#.# #.# #.#.# #............
....#'###.###.#'#####............
#..........##........####........
...........##........+...........
...........###.......####........


You could see Natasha and 3 cerulean imps.

Vanquished Creatures
  Jessica (D:2)
  Natasha (D:2)
  A gnoll (D:1)
  An adder (D:2)
  5 dart slugs
  2 ball pythons
  4 bats
  An endoplasm (D:2)
  6 giant cockroaches (D:1)
  3 goblins
  3 hobgoblins (D:1)
  4 jackals (D:1)
  A quokka (D:1)
  5 kobolds
  11 rats
49 creatures vanquished.

Notes
Turn   | Place    | Note
-------+----------+-------------------------------------------
     0 | D:1      | qw the Gargoyle Hunter began the quest for the Orb.
     0 | D:1      | Reached XP level 1. HP: 12/12 MP: 1/1
     0 | D:1      | 0 ||| qw: Version: 0.3-a-83-gcd0e7d8
     0 | D:1      | 0 ||| qw: Game counter: 1628
     0 | D:1      | 0 ||| qw: Melee chars always use a shield: true
     0 | D:1      | 0 ||| qw: God list: Okawaru
     0 | D:1      | 0 ||| qw: Allow faded altars: false
     0 | D:1      | 0 ||| qw: Do Orc after clearing Dungeon:15 true
     0 | D:1      | 0 ||| qw: Do second Lair branch before Depths: true
     0 | D:1      | 0 ||| qw: Lair rune preference: random
     0 | D:1      | 0 ||| qw: Goals: Normal
     0 | D:1      | 0 ||| PLANNING D:1-11
    38 | D:1      | 38 ||| DROPPING scroll of butterflies.
    81 | D:1      | Reached XP level 2. HP: 17/17 MP: 2/2
   132 | D:1      | Reached XP level 3. HP: 21/21 MP: 3/3
   179 | D:1      | Reached skill level 5 in Ranged Weapons
   291 | D:1      | Found a faded altar of an unknown god.
   565 | D:1      | 565 ||| UPGRADING to +0 ring mail.
   575 | D:1      | 575 ||| DROPPING +0 leather armour.
   576 | D:1      | 576 ||| UPGRADING to ring of positive energy.
   577 | D:1      | 577 ||| READING scroll labelled FIDEM DER ZACS.
   590 | D:1      | 590 ||| DRINKING 2 bubbling sapphire potions.
   591 | D:1      | 591 ||| DROPPING potion of invisibility.
   690 | D:2      | Reached skill level 1 in Armour
   690 | D:2      | Reached XP level 4. HP: 27/27 MP: 4/4
   721 | D:2      | Noticed Natasha
   730 | D:2      | Killed Natasha
   731 | D:2      | Reached skill level 3 in Fighting
  1138 | D:2      | Noticed Jessica
  1139 | D:2      | Killed Jessica
  1220 | D:2      | Reached XP level 5. HP: 32/32 MP: 5/5
  1415 | D:2      | Noticed Natasha
  1421 | D:2      | 1421 ||| Stepping ~*~*~tactically~*~*~ (retreating).
  1423 | D:2      | 1423 ||| Stepping ~*~*~tactically~*~*~ (retreating).
  1427 | D:2      | 1427 ||| FLEEEEING.
  1428 | D:2      | 1428 ||| FLEEEEING.
  1429 | D:2      | 1429 ||| FLEEEEING.
  1430 | D:2      | 1430 ||| FLEEEEING.
  1431 | D:2      | 1431 ||| FLEEEEING.
  1432 | D:2      | 1432 ||| FLEEEEING.
  1433 | D:2      | 1433 ||| FLEEEEING.
  1434 | D:2      | 1434 ||| FLEEEEING.
  1435 | D:2      | 1435 ||| FLEEEEING.
  1436 | D:2      | 1436 ||| FLEEEEING.
  1437 | D:2      | 1437 ||| FLEEEEING.
  1438 | D:2      | 1438 ||| FLEEEEING.
  1439 | D:2      | 1439 ||| FLEEEEING.
  1440 | D:2      | 1440 ||| FLEEEEING.
  1441 | D:2      | 1441 ||| FLEEEEING.
  1442 | D:2      | 1442 ||| FLEEEEING.
  1443 | D:2      | 1443 ||| FLEEEEING.
  1444 | D:2      | 1444 ||| FLEEEEING.
  1444 | D:2      | HP: 6/32 [cerulean imp/+2 spear[Natasha] (5)]
  1445 | D:2      | 1445 ||| FLEEEEING.
  1446 | D:2      | 1446 ||| FLEEEEING.
  1447 | D:2      | 1447 ||| FLEEEEING.
  1448 | D:2      | 1448 ||| FLEEEEING.
  1449 | D:2      | 1449 ||| FLEEEEING.
  1449 | D:2      | HP: 2/32 [cerulean imp/+0 spear[Natasha] (5)]
  1450 | D:2      | 1450 ||| FLEEEEING.
  1451 | D:2      | 1451 ||| FLEEEEING.
  1452 | D:2      | 1452 ||| FLEEEEING.
  1453 | D:2      | 1453 ||| FLEEEEING.
  1453 | D:2      | Slain by a cerulean imp

Levels and vault maps discovered:
D:1:      lightli_arrival_flooded_house, layout_rooms,
          nicolae_ecumenical_lake_church, grunt_decor_cap
D:2:      layout_basic, uniq_jessica, uniq_natasha

Skill      XL: |  1  2  3  4 |
---------------+-------------+-----
Ranged Weapons | 5 |  5.5
Armour         | 1 |  1.3
Fighting       | 3 |  3.4
Dodging        | |  1.5
Stealth        | |  1.1

Action                     |  1- 3 |  4- 6 || total
---------------------------+-------+-------++-------
   Fire: Shortbow          |   122 |    53 ||   175
    Use: Scroll            |     1 |       ||     1
         Potion            |     1 |       ||     1
 Armour: Leather armour    |    29 |       ||    29
         Ring mail         |    12 |    17 ||    29
         Skin              |       |     8 ||     8
  Dodge: Dodged            |    52 |    28 ||    80

Table legend:
 A = Non-vault XP
 B = Vault XP
 C = Vault XP percentage of total XP
 D = Non-vault monster count
 E = Vault monster count
 F = Vault count percentage of total count
                 A         B        C        D         E       F
            +---------+---------+-------+---------+---------+-------
      Total |     112 |      73 |  39.5 |      47 |       2 |   4.1
            +---------+---------+-------+---------+---------+-------
        D:1 |      66 |       0 |   0.0 |      29 |       0 |   0.0
        D:2 |      46 |      73 |  61.3 |      18 |       2 |  10.0
            +---------+---------+-------+---------+---------+-------
